 Dungeon Crawl Stone Soup version 0.23-a0-128-g2d122ddfbf (webtiles) character file.

95 Napalmbreeze the Cudgeler (level 4, -9/28 HPs)
             Began as a Gargoyle Gladiator on Aug 27, 2018.
             Killed by divine providence
             ... invoked by an orc priest
              (13 damage)
             ... on level 3 of the Dungeon.
             The game lasted 00:06:00 (1981 turns).

Napalmbreeze the Cudgeler (Gargoyle Gladiator)      Turns: 1981, Time: 00:06:00

Health: -9/28      AC: 15    Str: 18    XL:     4   Next: 65%
Magic:  4/4        EV:  8    Int:  8    God:
Gold:   104        SH:  0    Dex: 12    Spells: 3/3 levels left

rFire    + . .     SeeInvis .   a - +0 flail
rCold    . . .     Gourm    .   (no shield)
rNeg     + . .     Faith    .   u - +0 chain mail
rPois    ∞         Spirit   .   c - +0 helmet
rElec    +         Reflect  .   (no cloak)
rCorr    .         Harm     .   p - +1 pair of gloves
MR       .....                  (no boots)
Stlth    ..........             (no amulet)
HPRegen  0.09/turn              o - ring of protection from fire
MPRegen  0.09/turn              s - ring of attention (curse)

@: no status effects
A: negative energy resistance 1, electricity resistance, unbreathing,
petrification resistance, rot immunity, AC +3
a: no special abilities


You were on level 3 of the Dungeon.
You were not hungry.

You visited 1 branch of the dungeon, and saw 3 of its levels.

You collected 104 gold pieces.

Inventory:

Hand Weapons
 a - a +0 flail (weapon)
Missiles
 d - 3 throwing nets (quivered)
Armour
 c - a +0 helmet (worn)
 p - a +1 pair of gloves (worn)
 u - a +0 chain mail (worn)
Jewellery
 b - a +1 ring of evasion {unknown}
 o - a ring of protection from fire (left hand)
 s - a cursed ring of attention (right hand)
Scrolls
 e - 2 scrolls of immolation {unknown}
 h - a scroll of random uselessness {unknown}
 i - a scroll of amnesia {unknown}
 j - 2 scrolls of identify {unknown}
 k - a scroll of teleportation {unknown}
 n - a scroll of remove curse {unknown}
 q - 2 scrolls of enchant armour {unknown}
 r - a scroll of blinking {unknown}
Potions
 g - a potion of brilliance {unknown}
 l - a potion of agility {unknown}
 m - 3 potions of curing {unknown}
Comestibles
 f - 3 rations
 t - a chunk of flesh


   Skills:
 + Level 3.2 Fighting
 + Level 3.5 Maces & Flails
 - Level 1.7 Throwing
 * Level 2.3 Armour
 + Level 2.9 Dodging


You had 3 spell levels left.
You didn't know any spells.
Your spell library contained the following spells:

 Spells                   Type           Power        Failure   Level  Hunger
 Animate Skeleton         Necr           N/A          99%         1    ##.....
 Apportation              Tloc           #.....       99%         1    ##.....
 Confusing Touch          Hex            #.....       99%         1    ##.....
 Summon Small Mammal      Summ           #...         99%         1    ##.....


Dungeon Overview and Level Annotations

Branches:
Dungeon (3/15)

Altars:
Nemelex Xobeh
Sif Muna
Trog
Uskayaw


Innate Abilities, Weirdness & Mutations

You are resistant to torment.
Your stone body is resilient. (AC +3)
You are immune to poison.
You resist negative energy. (rN+)
You are resistant to electric shocks. (rElec)
You can survive without breathing.
You are immune to petrification.
You are immune to rotting.


Message History

The orc priest miscasts a cantrip.
The orc barely misses you.
The orc priest begins to cast a cantrip, but forgets the words!
You closely miss the orc.
The orc is moderately wounded.
The orc barely misses you.
You closely miss the orc.
The orc is moderately wounded.
Something hits you but does no damage. The orc hits you but does no damage.
The orc priest invokes the aid of Beogh against you.
Beogh smites you!
Ouch! That really hurt!
Something hits you but does no damage.
The orc priest calls down the wrath of Beogh upon you.
Beogh smites you!
* * * LOW HITPOINT WARNING * * *
The orc priest looks encouraged for a moment.
The orc priest invokes the aid of Beogh against you.
Beogh smites you!
You die...

. .# .#.# ...# #.$# #
#########..####
####.###..)..<.......
..(.......######..#####
.###.............#....#
##.#......[..@.##..#
#.#..####.)#..##..# #
#..####...o.....# #
#..##...........# .#
##.##.#...{.##..##.#
####.#.....##.....# #
#..#.o##...#######
.....#..............
###..##.##...#######


You could see an orc priest and an orc.

Vanquished Creatures
  2 adders (D:2)
  A gnoll (D:1)
  A worm (D:2)
  3 dart slugs
  A leopard gecko (D:2)
  An orc (D:3)
  8 bats
  3 giant cockroaches
  5 hobgoblins
  4 kobolds
  3 quokkas (D:2)
  5 frilled lizards
  7 goblins
  13 rats
57 creatures vanquished.

Notes
Turn   | Place    | Note
-------+----------+-------------------------------------------
     0 | D:1      | Napalmbreeze the Gargoyle Gladiator began the quest for the
                  | Orb.
     0 | D:1      | Reached XP level 1. HP: 12/12 MP: 1/1
    18 | D:1      | Reached XP level 2. HP: 16/18 MP: 2/2
   404 | D:1      | Reached skill level 1 in Armour
   458 | D:1      | Reached XP level 3. HP: 22/22 MP: 3/3
  1218 | D:2      | Reached XP level 4. HP: 27/28 MP: 4/4
  1718 | D:2      | Found a hide-covered altar of Uskayaw.
  1718 | D:2      | Found a bloodstained altar of Trog.
  1723 | D:2      | Found a faded altar of an unknown god.
  1725 | D:2      | Found a faded altar of an unknown god.
  1726 | D:2      | Found a deep blue altar of Sif Muna.
  1963 | D:3      | Found a sparkling altar of Nemelex Xobeh.
  1981 | D:3      | Killed from afar by an orc priest

Vault maps used:
D:1:      zelgadis_glass_arrival_small, hangedman_decor_push,
          hangedman_decor_riveting
D:2:      chequers_temple_overflow_minitemple, minmay_misc_feat_five,
          minmay_cupped
D:3:      lemuel_doored_altar, kennysheep_okawaru_gauntlet,
          gammafunk_temple_overflow_statue, uniq_jessica

Skill      XL: |  1  2  3  4 |
---------------+-------------+-----
Armour         | 1 2 |  2.3
Fighting       | 3 |  3.2
Maces & Flails | |  3.5
Throwing       | |  1.7
Dodging        | |  2.9

Action                   |  1- 3 |  4- 6 || total
-------------------------+-------+-------++-------
Melee: Flail             |   149 |    56 ||   205
  Eat: Chunk             |     1 |     3 ||     4
Armor: Leather armour    |    20 |       ||    20
       Scale mail        |    60 |    41 ||   101
       Chain mail        |       |     4 ||     4
Dodge: Dodged            |   103 |    48 ||   151

Table legend:
 A = Non-vault XP
 B = Vault XP
 C = Vault XP percentage of total XP
 D = Non-vault monster count
 E = Vault monster count
 F = Vault count percentage of total count
                 A         B        C        D         E       F
            +---------+---------+-------+---------+---------+-------
      Total |     133 |       3 |   2.2 |      55 |       2 |   3.5
            +---------+---------+-------+---------+---------+-------
        D:1 |      48 |       0 |   0.0 |      23 |       0 |   0.0
        D:2 |      78 |       3 |   3.7 |      29 |       2 |   6.5
        D:3 |       7 |       0 |   0.0 |       3 |       0 |   0.0
            +---------+---------+-------+---------+---------+-------
